 Dungeon Crawl Stone Soup version 0.31-a0-128-g25add195a6 (webtiles) character file.

Game seed: 3853181881261079582

3360 kae the Transmogrifier (level 9, -16/81 (86) HPs)
             Began as a White Draconian Transmuter on June 1, 2023.
             Was a Follower of Ru.
             Killed from afar by an orc sorcerer (32 damage)
             ... with a bolt of negative energy
             ... in a bailey.
             The game lasted 00:11:49 (7551 turns).

kae the Transmogrifier (White Draconian Transmuter) Turns: 7551, Time: 00:11:49

HP:   -16/81 (86)   AC: 12    Str: 11 (12) XL:     9   Next: 73%
MP:   8/12          EV:  9    Int: 18      God:    Ru [*.....]
Gold: 353           SH:  0    Dex:  7 (12) Spells: 4/14 levels left

rFire   x .          .
                       - Unarmed
rCold   + + +        (shield currently unavailable)
rNeg    . . .        (body armour unavailable)
rPois   +            (helmet currently unavailable)
rElec   .            n - melded +1 cloak
rCorr   .            (gloves currently unavailable)
SInv    .            (boots currently unavailable)
Will    +....        A - amulet of the acrobat
Stlth   +            O - +4 ring of protection
HPRegen 0.33/turn    g - ring of willpower
MPRegen 0.13/turn

%: acrobat
@: ice-form, wereblooded, drained
A: freezing attack, amphibious, boosted hp, (breathe frost), AC +7, large,
unfitting armour, (cold resistance 1), (cold-blooded), hated by all,
deterioration 2, low MP 1, MP-powered wands
a: End Transformation, Renounce Religion


You were in a bailey.
You worshipped Ru.
Ru was aware of your devotion.
You were a creature of crystalline ice.
You visited 2 branches of the dungeon, and saw 8 of its levels.
You also visited: Bailey.

You collected 353 gold pieces.


Innate Abilities, Weirdness & Mutations

You are a creature of crystalline ice.
You have a powerful freezing melee attack.
You are amphibious.
Your maximum health is increased.
Your armour is entirely melded.
You are incapable of wielding weapons or throwing items.
((You can breathe waves of freezing cold which knock back foes.))
((Your icy white scales are hard. (AC +7)))
You cannot fit into any form of body armour.
((Your flesh is cold resistant. (rC+)))
((You are cold-blooded and may be slowed by cold attacks.))
You are hated by all.
Your body often deteriorates upon taking damage.
Your magical capacity is low. (-10% MP)
You expend magic power (3 MP) to strengthen your wands.


   Skills:
 + Level 4.5 Fighting
 - Level 1.7 Dodging
 * Level 6.8 Unarmed Combat
 - Level 3.4 Spellcasting
 * Level 9.7 Transmutations
 - Level 7.0 Ice Magic
 - Level 1.0 Poison Magic


You had 4 spell levels left.
You knew the following spells:

 Your Spells              Type           Power      Damage    Failure   Level
a - Beastly Appendage     Tmut           76%        N/A       1%          1
b - Wereblood             Tmut           38%        N/A       1%          2
c - Spider Form           Tmut/Pois      22%        N/A       5%          3
d - Ice Form              Ice/Tmut       33%        N/A       4%          4

Your spell library contained the following spells:

 Spells                   Type           Power      Damage    Failure   Level
 Ignite Poison            Fire/Tmut/Pois 16%        N/A       11%         3
 Kiss of Death            Conj/Necr      12%        2d6       16%         1
 Magic Dart               Conj           12%        1d3       16%         1
 Cigotuvi's Dreadful Rot  Necr/Pois/Air  8%         N/A       21%         2
 Sublimation of Blood     Necr           3%         N/A       24%         2
 Mephitic Cloud           Conj/Pois/Air  4%         N/A       38%         3
 Confusing Touch          Hex            3%         N/A       43%         3
 Inner Flame              Hex/Fire       3%         N/A       43%         3
 Portal Projectile        Hex/Tloc       6%         N/A       43%         3
 Dispel Undead            Necr           3%         3d7       83%         4
 Flame Wave               Conj/Fire      3%         2d5       83%         4
 Sticky Flame             Conj/Fire      3%         2d3       83%         4
 Blade Hands              Tmut           19%        N/A       8%          5
 Freezing Cloud           Conj/Ice/Air   5%         6-21      86%         5
 Call Imp                 Summ           Unusable   N/A       N/A         2
 Tukima's Dance           Hex            Unusable   N/A       N/A         3
 Summon Hydra             Summ           Unusable   N/A       N/A         7

Inventory:

Missiles
 h - 44 stones
 m - 4 curare-tipped darts {=f}
 s - a boomerang
Armour
 n - a +1 cloak (melded)
   (You found it on level 4 of the Dungeon)
Magical Staves
 c - a staff of poison {!a}
   (You found it on level 2 of the Dungeon)
Jewellery
 g - a ring of willpower (right front paw)
   (You took it off a kobold on level 4 of the Dungeon)
 A - an amulet of the acrobat (around neck)
   (You found it on level 5 of the Dungeon)
 D - a +6 ring of dexterity
   (You found it on level 7 of the Dungeon)
 F - a ring of protection from fire
   (You found it on level 6 of the Dungeon)
 O - a +4 ring of protection (left front paw)
   (You found it on level 6 of the Dungeon)
 T - an amulet of faith {!P}
   (You found it on level 1 of the Dungeon)
 W - a ring of magical power
   (You found it on level 3 of the Dungeon)
Scrolls
 d - a scroll of fear
 f - 3 scrolls of teleportation {@r4}
 j - a scroll of fog
 l - a scroll of identify {@r1}
 o - a scroll of enchant weapon
 p - a scroll of blinking {!r}
 t - a scroll of vulnerability {!r!r}
Potions
 a - a potion of lignification {!q}
 b - 8 potions of curing {@q1}
 e - a potion of might
 i - 2 potions of brilliance
 k - a potion of invisibility
 r - a potion of cancellation

Dungeon Overview and Level Annotations

Branches:
Dungeon (7/15) Zot: 26770  Temple (1/1) D:5 Zot: 5789  Bailey (1/1) Zot: 4879

Altars:
Ashenzari
Cheibriados
Dithmenos
Elyvilon
Gozag
Kikubaaqudgha
Makhleb
Nemelex Xobeh
Okawaru
Qazlal
Ru
Sif Muna
Uskayaw
Vehumet
Wu Jian
Xom
Zin
The Shining One

Shops:
D:5

*
#≈≈≈≈≈#....'.....#.......#...
#≈≈≈≈≈#....#....)))8.8.8.#...
#≈≈≈≈≈#.##############...####
#≈≈≈≈≈~.#!?'.# #......#
#≈≈≈≈≈~.#!!# #...)).#
#≈≈≈≈≈~.#..# #####)'#
#≈≈≈≈≈~.######### #.....#
#≈≈≈≈≈~.#..8o8g.#... #.....'
#≈≈≈≈≈~∩)...Yog.K._. #..⌠..'
#≈≈≈≈≈~)#..8.8..#... #.....'
#≈≈≈≈≈~.######### #.....#
#≈≈≈≈≈~.#..# #####)'#
#≈≈≈≈≈~.#))# #......#
#≈≈≈≈≈~.#))+ #......#
#≈≈≈≈≈#.##############...####
#≈≈≈≈≈#....#.....'.8.8.8.#...
#≈≈≈≈≈#....'.....#.).....#...


You could see an orc knight, a kobold demonologist, an orc sorcerer (strong) and
2 hobgoblins.


Message History

You now have 353 gold pieces (gained 17).
Key pressed, stopping explore.
Unknown command. 😎 MP[+3]
You regained 3 mp, and now have 11/12 mp.
There is an open door here.
There is an open door here.
Your transformation is almost over.
There is an open door here.
You warm up again.
Your +1 cloak unmelds from your body.
Found an iron altar of Okawaru. 😎 HP[-14] MP[+1]
You now have 72 max hp (-14).
Your mp is fully restored (12).
A goblin comes into view. It is wielding a +0 hand axe.
The goblin shouts!
A hobgoblin comes into view. It is wielding a +0 hand axe.
An orc knight comes into view. It is wielding a +0 battleaxe.
Unknown command.
The orc completely misses you.
There is a gate leading back out of this place here.
Casting: Ice Form (dangerous; 4% risk of failure)
Confirm with . or Enter, or press ? or * to list all spells.
You turn into a creature of crystalline ice.
Your +1 cloak melds into your body.
The orc barely misses you.
The orc completely misses you. 😎 HP[+14] MP[-4]
You now have 86 max hp (+14).
Your hp is fully restored (86).
You lost 4 mp, and now have 8/12 mp.
Casting: Ice Form (dangerous; 4% risk of failure)
Confirm with . or Enter, or press ? or * to list all spells.
Your blood is infused with primal strength.
The orc hits you but does no damage. The orc barely misses you. 😎 MP[-2]
You lost 2 mp, and now have 6/12 mp.
You hit the orc. You freeze the orc. The orc hits you but does no damage.
You hit the orc. You freeze the orc.
You kill the orc!
You punch the goblin! You freeze the goblin.
You kill the goblin!
No target in view!
No target in view!
No target in view!
You howl as the wereblood boils in your veins!
Things that are here:
a +0 hand axe; a +0 leather armour; 😎 MP[+1] No target in view!
No target in view!
You howl as the wereblood boils in your veins!
The orc knight shouts!
You howl as the wereblood boils in your veins!
The hobgoblin shouts!
The orc sorcerer shouts!
The hobgoblin shouts!
You hit the orc knight but do no damage.
A kobold demonologist comes into view. It is wielding a +0 war axe.
The orc knight roars a battlecry!
The orc sorcerer goes into a battle-frenzy!
You barely miss the orc knight. The orc knight misses you.
The kobold demonologist looks encouraged for a moment.
You barely miss the orc knight.
The orc knight hits you with a +0 battleaxe!
You punch the orc knight! You freeze the orc knight.
You howl as the wereblood boils in your veins!
The orc knight hits you with a +0 battleaxe!
Your body deteriorates!
You feel clumsy. 😕 HP[-20] MP[+1]
You take 20 damage, and now have 66/86 hp.
MASSIVE DAMAGE!! (PAUSE)
You punch the orc knight! You freeze the orc knight.
The orc knight hits you with a +0 battleaxe. 😮 HP[-6]
You take 6 damage, and now have 60/86 hp.
You hit the orc knight. You freeze the orc knight.
You howl as the wereblood boils in your veins!
The orc knight hits you with a +0 battleaxe!!
* * * LOW HITPOINT WARNING * * *
Your body deteriorates!
You feel clumsy.
Unknown command. 😨 HP[-19]
You take 19 damage, and now have 41/86 hp.
MASSIVE DAMAGE!! (PAUSE) Unknown command.
You punch the orc knight! You freeze the orc knight.
You howl as the wereblood boils in your veins! 😨 HP[+1] Unknown command.
You hit the orc knight but do no damage.
The kobold demonologist begins to cast a cantrip, but forgets the words!
Unknown command.
You barely miss the orc knight.
You howl as the wereblood boils in your veins!
The orc knight hits you with a +0 battleaxe!!
* * * LOW HITPOINT WARNING * * *
Your body deteriorates!
You feel weakened.
The orc sorcerer says, "Dogrw nutew berg."
The orc sorcerer gestures at you while chanting.
The bolt of negative energy hits you!!
You feel drained.
You die...

Skill      XL: |  1  2  3  4  5  6  7  8  9 |
---------------+----------------------------+-----
Transmutations | 3 4 5 7 8 9 |  9.7
Spellcasting   | 3 |  3.4
Ice Magic      | 1 3 5 6 7 |  7.0
Poison Magic   | 1 |  1.0
Fighting       | 3 4 |  4.5
Unarmed Combat | 5 6 |  6.8
Dodging        | |  1.7

Action                     |  1- 3 |  4- 6 |  7- 9 || total
---------------------------+-------+-------+-------++-------
  Melee: Unarmed           |    90 |    99 |   269 ||   458
         Kick              |    16 |    16 |       ||    32
         Headbutt          |    10 |     8 |       ||    18
         Tailslap          |     8 |     8 |       ||    16
         Punch             |     2 |       |       ||     2
   Cast: Beastly Appendage |    20 |    20 |       ||    40
         Spider Form       |     1 |     7 |       ||     8
         Wereblood         |     1 |       |     7 ||     8
         Ice Form          |       |     2 |    26 ||    28
 Invoke: Sacrifice Love    |       |       |     1 ||     1
Ability: Breathe Frost     |       |       |     2 ||     2
    Use: Scroll            |    13 |     3 |     4 ||    20
         Potion            |       |       |     1 ||     1
   Stab: Sleeping          |     1 |       |       ||     1
 Armour: Skin              |    41 |    16 |    88 ||   145
  Dodge: Dodged            |    60 |    74 |   155 ||   289

Levels and vault maps discovered:
D:1:      eino_arrival_water_cross, layout_loops_ring, nicolae_hexahallways,
          minmay_pentomino_u4
D:2:      layout_loops_cross, uniq_robin
D:3:      layout_basic, lemuel_round_altar, hellmonk_ecumenical_altar_zigzags
D:4:      layout_rooms, lemuel_tele_altar, nicolae_overflow_crystal_walls,
          uniq_edmund, uniq_natasha
D:5:      layout_layer_cave, minmay_temple_entry_grid, minmay_shop_mass,
          minmay_misc_feat_encased
D:6:      layout_cave_pods, hangedman_abyss_or_decor_lesser_grid, uniq_duvessa,
          uniq_blork_the_orc
D:7:      minmay_inner_zag, layout_cave_pools, mainiacjoe_overflow_two_lobes,
          enter_bailey_4
Temple:   minmay_crystal_spiral_temple
Bailey:   bailey_axe_of_yendor_kennysheep, bailey

Notes
Turn   | Place    | Note
-------+----------+-------------------------------------------
     0 | D:1      | kae the Draconian Transmuter began the quest for the Orb.
     0 | D:1      | Reached XP level 1. HP: 16/16 MP: 3/3
     0 | D:1      | magus.rc [v1.11.3]
   285 | D:1      | Reached XP level 2. HP: 18/23 MP: 5/5
   288 | D:1      | Learned a level 2 spell: Wereblood
   620 | D:1      | You pick up a book of Minor Magic and begin reading...
   620 | D:1      | You add the spells Magic Dart, Call Imp and Mephitic Cloud
                  | to your library.
   671 | D:1      | Reached skill level 3 in Transmutations
   903 | D:2      | Reached XP level 3. HP: 18/28 MP: 4/6
   907 | D:2      | Learned a level 3 spell: Spider Form
  1098 | D:2      | You fall into a shaft and drop 1 floor!
  1438 | D:2      | Noticed Robin
  1452 | D:2      | HP: 5/28 [goblin/+0 dagger[Robin] (3)]
  1470 | D:2      | Killed Robin
  1471 | D:2      | Reached XP level 4. HP: 14/35 MP: 2/8
  1929 | D:3      | You pick up a book of Blood and begin reading...
  1929 | D:3      | You add the spells Sublimation of Blood and Summon Hydra to
                  | your library.
  2074 | D:3      | Found a faded altar of an unknown god.
  2145 | D:3      | Found an ancient bone altar of Kikubaaqudgha.
  2290 | D:3      | You pick up a book of Touch and begin reading...
  2290 | D:3      | You add the spells Kiss of Death, Confusing Touch and
                  | Dispel Undead to your library.
  2333 | D:4      | Noticed Edmund
  2391 | D:3      | Reached skill level 3 in Spellcasting
  2410 | D:4      | Reached skill level 4 in Transmutations
  2412 | D:4      | Noticed a scorpion
  2529 | D:4      | Killed a scorpion
  2530 | D:4      | Reached XP level 5. HP: 34/40 MP: 3/10
  2539 | D:4      | Learned a level 4 spell: Ice Form
  2654 | D:4      | Reached skill level 5 in Transmutations
  2657 | D:4      | You pick up a book of Flames and begin reading...
  2657 | D:4      | You add the spells Inner Flame, Sticky Flame and Flame Wave
                  | to your library.
  2694 | D:4      | Found a stormy altar of Qazlal.
  2783 | D:4      | Reached skill level 1 in Ice Magic
  2918 | D:4      | Noticed Natasha
  3021 | D:4      | Found a sparkling altar of Nemelex Xobeh.
  3032 | D:4      | Killed Natasha
  3146 | D:4      | Reached XP level 6. HP: 32/47 MP: 8/11
  3357 | D:4      | Noticed Natasha
  3369 | D:4      | Killed Natasha
  3370 | D:4      | Reached skill level 1 in Poison Magic
  3426 | D:4      | Killed Edmund
  3427 | D:4      | Reached skill level 2 in Ice Magic
  3462 | D:4      | Noticed Natasha
  3473 | D:4      | Killed Natasha
  3479 | D:5      | Entered Level 5 of the Dungeon
  3494 | D:4      | HP: 14/56 [gnoll/+0 halberd[a gnoll sergeant] (3)]
  3495 | D:4      | Reached skill level 3 in Ice Magic
  3495 | D:4      | Your scales start taking on an icy white colour.
  3495 | D:4      | Reached XP level 7. HP: 16/52 MP: 7/12
  3495 | D:4      | Gained mutation: Your flesh is cold resistant. (rC+) [White
                  | Draconian growth]
  3663 | D:4      | Reached skill level 6 in Transmutations
  3663 | D:4      | Reached skill level 4 in Ice Magic
  3865 | D:5      | Reached skill level 5 in Ice Magic
  4004 | D:5      | Reached skill level 7 in Transmutations
  4554 | D:5      | You add the spells Cigotuvi's Dreadful Rot, Ignite Poison
                  | and Freezing Cloud to your library.
  4592 | D:5      | Found Jiutoumm's Mass Market.
  4607 | D:5      | Found a staircase to the Ecumenical Temple.
  4922 | Temple   | Entered the Ecumenical Temple
  5056 | Temple   | Became a worshipper of Ru the Awakened
  5164 | D:6      | Noticed Blork the orc
  5173 | D:6      | Reached XP level 8. HP: 59/59 MP: 13/13
  5174 | D:6      | Killed Blork the orc
  5256 | D:6      | You pick up a book of Weapons and begin reading...
  5256 | D:6      | You add the spells Tukima's Dance, Portal Projectile and
                  | Blade Hands to your library.
  5427 | D:6      | Reached skill level 2 in Fighting
  5741 | D:6      | Noticed Duvessa
  5741 | D:6      | Noticed Dowan
  5743 | D:6      | Gained mutation: You have hidden genetic defects. [potion
                  | of mutation]
  5743 | D:6      | Gained mutation: You expend magic power (3 MP) to
                  | strengthen your wands. [potion of mutation]
  5743 | D:6      | Gained mutation: Your magical capacity is low. (-10% MP)
                  | [potion of mutation]
  5767 | D:6      | Killed Duvessa
  5768 | D:6      | Reached skill level 4 in Unarmed Combat
  5775 | D:6      | Killed Dowan
  6196 | D:7      | Reached skill level 8 in Transmutations
  6204 | D:7      | Gained mutation: Your body sometimes deteriorates upon
                  | taking damage. [hidden defects]
  6225 | D:7      | Reached skill level 6 in Ice Magic
  6315 | D:7      | Found a basalt altar of Yredelemnul.
  6391 | D:7      | Reached skill level 3 in Fighting
  6391 | D:7      | Reached skill level 5 in Unarmed Combat
  6394 | D:7      | Gained mutation: Your body often deteriorates upon taking
                  | damage. [hidden defects]
  6394 | D:7      | Lost mutation: You have hidden genetic defects. [hidden
                  | defects expressed]
  6403 | D:7      | Found a flagged portal.
  6420 | Bailey   | Entered a bailey
  6774 | Bailey   | Noticed an orc sorcerer
  6843 | Bailey   | Reached XP level 9. HP: 55/70 MP: 12/12
  6851 | Bailey   | Gained mutation: You are hated by all. [Ru sacrifice]
  6851 | Bailey   | Reached * piety under Ru
  6923 | Bailey   | Noticed an orc knight
  7015 | Bailey   | Noticed an orc knight
  7030 | Bailey   | Killed an orc knight
  7031 | Bailey   | Reached skill level 4 in Fighting
  7031 | Bailey   | Reached skill level 6 in Unarmed Combat
  7031 | Bailey   | Reached skill level 9 in Transmutations
  7082 | Bailey   | Identified the +6 chain mail of Ru's Wrath {rElec rC-
                  | Dex+2}
  7316 | Bailey   | Killed an orc knight
  7317 | Bailey   | Reached skill level 7 in Ice Magic
  7524 | Bailey   | Found an iron altar of Okawaru.
  7525 | Bailey   | Noticed an orc knight
  7543 | Bailey   | Noticed a kobold demonologist
  7551 | Bailey   | HP: 16/86 [orc knight/+0 battleaxe (26)]
  7551 | Bailey   | Killed from afar by an orc sorcerer

Vanquished Creatures
  2 orc knights (Bailey)
  Edmund (D:4)
  Duvessa (D:6)
  6 orc warriors
  A sky beast (D:6)
  An ogre (D:5)
  2 centaurs (D:7)
  2 phantoms (D:5)
  Blork the orc (D:6)
  A bullfrog (D:6)
  A gnoll sergeant (D:4)
  A scorpion (D:4)
  Dowan (D:6)
  A howler monkey (D:4)
  5 electric eels (Bailey)
  6 hounds
  A jelly (D:7)
  A gnoll bouda (D:5)
  An orc priest (D:5)
  An iguana (D:5)
  2 sleepcaps
  Natasha (thrice) (D:4)
  An orc wizard (D:4)
  Robin (D:2)
  9 gnolls
  2 adders
  A white imp (D:6)
  An ufetubus (D:3)
  4 dart slugs
  26 orcs
  6 ball pythons
  6 endoplasms
  2 giant cockroaches
  13 hobgoblins
  6 kobolds
  4 quokkas
  3 bats (D:1)
  A frilled lizard (D:2)
  23 goblins
  2 rats
153 creatures vanquished.

Table legend:
 A = Non-vault XP
 B = Vault XP
 C = Vault XP percentage of total XP
 D = Non-vault monster count
 E = Vault monster count
 F = Vault count percentage of total count
                 A         B        C        D         E       F
            +---------+---------+-------+---------+---------+-------
      Total |    2016 |    2785 |  58.0 |      99 |      54 |  35.3
            +---------+---------+-------+---------+---------+-------
        D:1 |      36 |       4 |  10.0 |      18 |       3 |  14.3
        D:2 |      32 |      34 |  51.5 |      10 |      11 |  52.4
        D:3 |      32 |       0 |   0.0 |      12 |       0 |   0.0
        D:4 |     468 |     193 |  29.2 |      26 |       2 |   7.1
        D:5 |     591 |       0 |   0.0 |      14 |       0 |   0.0
        D:6 |     322 |     301 |  48.3 |       9 |       3 |  25.0
        D:7 |     535 |      11 |   2.0 |      10 |       5 |  33.3
     Bailey |       0 |    2242 | 100.0 |       0 |      30 | 100.0
            +---------+---------+-------+---------+---------+-------

Skill      XL: |  1  2  3  4  5  6  7  8  9 |
---------------+----------------------------+-----
Transmutations | 3 4 5 7 8 9 |  9.7
Spellcasting   | 3 |  3.4
Ice Magic      | 1 3 5 6 7 |  7.0
Poison Magic   | 1 |  1.0
Fighting       | 3 4 |  4.5
Unarmed Combat | 5 6 |  6.8
Dodging        | |  1.7

Action                     |  1- 3 |  4- 6 |  7- 9 || total
---------------------------+-------+-------+-------++-------
  Melee: Unarmed           |    90 |    99 |   269 ||   458
         Kick              |    16 |    16 |       ||    32
         Headbutt          |    10 |     8 |       ||    18
         Tailslap          |     8 |     8 |       ||    16
         Punch             |     2 |       |       ||     2
   Cast: Beastly Appendage |    20 |    20 |       ||    40
         Spider Form       |     1 |     7 |       ||     8
         Wereblood         |     1 |       |     7 ||     8
         Ice Form          |       |     2 |    26 ||    28
 Invoke: Sacrifice Love    |       |       |     1 ||     1
Ability: Breathe Frost     |       |       |     2 ||     2
    Use: Scroll            |    13 |     3 |     4 ||    20
         Potion            |       |       |     1 ||     1
   Stab: Sleeping          |     1 |       |       ||     1
 Armour: Skin              |    41 |    16 |    88 ||   145
  Dodge: Dodged            |    60 |    74 |   155 ||   289

Illustrated notes

Table legend:
 A = Kills in this place as a percentage of kills in the entire game.
 B = Kills by you in this place as a percentage of kills by you in the entire game.
 C = Kills by friends in this place as a percentage of kills by friends in the entire game.
 D = Other kills in this place as a percentage of other kills in the entire game.
 E = Experience gained in this place as a percentage of experience gained in the entire game.
 F = Experience gained in this place divided by the number of levels of this place that you have seen.
                   A       B       C       D       E      F
               +-------+-------+-------+-------+-------+----------------------
         Total | 100.0 | 100.0 |   N/A |   N/A | 100.0 | 533.4
       Dungeon |  80.4 |  80.4 |   N/A |   N/A |  53.3 | 365.6
        Bailey |  19.6 |  19.6 |   N/A |   N/A |  46.7 | 2242.0
               +-------+-------+-------+-------+-------+----------------------

Table legend: (Time is in decaauts)
 A = Elapsed time spent in this place.
 B = Non-inter-level travel time spent in this place.
 C = Inter-level travel time spent in this place.
 D = Time resting spent in this place.
 E = Time spent auto-exploring this place.
 F = Levels seen in this place.
 G = Mean time per level.
                   A        B        C        D        E       F      G
               +--------+--------+--------+--------+--------+-----+--------+
         Total |   7526 |   7137 |    389 |    479 |   5129 |   9 |  836.2 |
       Dungeon |   6195 |   5892 |    303 |    213 |   4588 |   7 |  885.0 |
        Temple |    210 |    124 |     86 |      0 |    107 |   1 |  210.0 |
        Bailey |   1119 |   1119 |      0 |    266 |    434 |   1 | 1119.0 |
               +--------+--------+--------+--------+--------+-----+--------+

Top non-repeatable levels by time:
     D:4: 1247 daAuts
     D:5: 1174 daAuts
  Bailey: 1119 daAuts
     D:6: 1018 daAuts
     D:1: 887 daAuts
     D:3: 860 daAuts
     D:2: 778 daAuts
     D:7: 229 daAuts
  Temple: 210 daAuts
